 Dungeon Sprint DCSS version 0.21-a0-401-g0b6bec4 (webtiles) character file.

16 theanonym the Magician (level 2, -4/16 HPs)
             Began as a Deep Elf Fire Elementalist on Oct 21, 2017.
             Was an Initiate of Vehumet.
             Slain by an iron imp (7 damage)
             ... in the Dungeon (Sprint V: "Ziggurat Sprint").
             The game lasted 00:04:06 (93 turns).

theanonym the Magician (Deep Elf Fire Elementalist)   Turns: 93, Time: 00:04:07

Health: -4/16      AC:  2    Str:  5    XL:     2   Next: 37%
Magic:  9/11       EV: 12    Int: 31    God:    Vehumet [......]
Gold:   0          SH:  6    Dex: 15    Spells: 12/13 levels left

rFire    . . .     SeeInvis .   F - staff of energy
rCold    . . .     Gourm    .   z - +3 buckler
rNeg     . . .     Faith    .   a - +0 robe
rPois    .         Spirit   .   (no helmet)
rElec    .         Reflect  .   (no cloak)
rCorr    .         Harm     .   (no gloves)
MR       .....     NoTele   +   (no boots)
Stlth    ++........             (no amulet)
HPRegen  0.05/turn              B - +6 ring of intelligence
MPRegen  0.12/turn              C - +6 ring of intelligence

@: no status effects
A: no striking features
a: Renounce Religion


You were in the Dungeon.
You worshipped Vehumet.
Vehumet was noncommittal.
You were not hungry.

You visited 1 branch

Inventory:

Hand Weapons
 h - the +6 Majin-Bo {vamp, Archmagi MP+6 Int+6}
   (You found it in the Dungeon)

   It inflicts no extra harm, but heals its wielder when it wounds a living foe.
   It affects your intelligence (+6).
   It affects your magic capacity (+6).
Armour
 a - a +0 robe (worn)
 m - the +18 shield of the Gong {rElec rN+ MR+ EV-5}
   (You found it in the Dungeon)

   It affects your evasion (-5).
   It insulates you from electricity.
   It protects you from negative energy.
   It affects your resistance to hostile enchantments.
 z - a +3 buckler (worn)
   (You found it in the Dungeon)
Magical Staves
 F - an uncursed staff of energy (weapon)
   (You found it in the Dungeon)
Jewellery
 B - a +6 ring of intelligence (left hand)
   (You found it in the Dungeon)
 C - a +6 ring of intelligence (right hand)
   (You found it in the Dungeon)
Wands
 K - a wand of acid (5/15)
   (You found it in the Dungeon)
Scrolls
 i - 4 scrolls of blinking
 p - 4 scrolls of amnesia
 q - 3 scrolls of recharging
 r - 5 scrolls of identify
 s - a scroll of holy word
 t - 7 scrolls of fog {!r}
 u - 5 scrolls of remove curse
 v - 2 scrolls of fear {!r}
Potions
 d - 10 potions of curing
 e - 10 potions of heal wounds
 f - 6 potions of haste
 g - 7 potions of magic
 j - 2 potions of brilliance
 k - 2 potions of invisibility
 l - 4 potions of resistance
 n - 5 potions of agility
 o - 5 potions of might
Books
 b - a book of Flames

   Spells                             Type                      Level
   a - Flame Tongue                   Conjuration/Fire             1
   b - Throw Flame                    Conjuration/Fire             2
   c - Conjure Flame                  Conjuration/Fire             3
   d - Inner Flame                    Hexes/Fire                   3
   e - Sticky Flame                   Conjuration/Fire             4
   f - Fireball                       Conjuration/Fire             5
Miscellaneous
 y - a lightning rod (4/4)
   (You found it in the Dungeon)
 G - a crystal ball of energy
   (You found it in the Dungeon)
Comestibles
 c - 5 bread rations
 w - 42 fruits
 x - 4 meat rations


   Skills:
 + Level 0.3 Fighting
 + Level 2.6 Dodging
 - Level 2.4 Stealth
 + Level 6.4 Spellcasting
 + Level 4.8 Conjurations
 + Level 5.8 Fire Magic


You had 12 spell levels left.
You knew the following spells:

 Your Spells              Type           Power        Failure   Level  Hunger
a - Flame Tongue          Conj/Fire      #####        1%          1    None


Dungeon Overview and Level Annotations

Branches:
Dungeon (1/1)

Altars:
Ashenzari
Cheibriados
Dithmenos
Elyvilon
Fedhas
Gozag
Hepliaklqana
Kikubaaqudgha
Makhleb
Nemelex Xobeh
Okawaru
Qazlal
Ru
Sif Muna
Trog
Uskayaw
Vehumet
Wu Jian
Xom
Yredelemnul
Zin
The Shining One
Beogh
Jiyva
Lugonu

Annotations:
D 1 transporter


Message History

You drop 3 potions of berserk rage.
You drop a +6 ring of dexterity. x2
You drop a +6 ring of strength. x2
You drop a wand of disintegration (7/24).
You drop a wand of iceblast (5/15).
You drop a wand of lightning (5/15).
You drop an uncursed ring of flight.
You feel more experienced!
Your Spellcasting skill gained 3 levels and is now at level 6!
Your Conjurations skill gained 3 levels and is now at level 4!
Your Fire Magic skill gained 2 levels and is now at level 5!
You have reached level 2!
Health restored: 15
Okay, then.
Unknown command.
Autopickup is now off.
Items here: )))) [[
Items here: )))) [[
h - the +6 Majin-Bo {vamp, Archmagi MP+6 Int+6}
m - the +18 shield of the Gong {rElec rN+ MR+ EV-5}
Items here: ))))))))))
Okay, then.
There is a radiant altar of Vehumet here.
You kneel at the altar of Vehumet.
Vehumet welcomes you!
There is a staircase leading out of the dungeon here.
Items here: [[[[[[[
Okay, then.
Things that are here:
a +3 large shield; a +3 shield; a +3 buckler
z - a +3 buckler Wield which item (- for none, * to show all)? (? for menu, Esc to quit)
That's the wrong kind of item! (Use * to select it.) Wield which item (- for none, * to show all)? (? for menu, Esc to quit)
That's the wrong kind of item! (Use * to select it.) Wield which item (- for none, * to show all)? (? for menu, Esc to quit)
Okay, then.
Unknown command.
Wear which item? (? for menu, Esc to quit)
You start putting on your armour.
You continue putting on your +3 buckler. x4
You finish putting on your +3 buckler.
MP restored: 11 Drop what? 31/52 slots (_ for help) (? for menu, Esc to quit)
Okay, then.
Put on which piece of jewellery? (? for menu, Esc to quit)
Okay, then.
Okay, then.
Unknown command.
Wear which item? (? for menu, Esc to quit)
Okay, then.
Wear which item? (? for menu, Esc to quit)
Okay, then.
Unknown command.
Search for what [? for help]? armor Unknown command.
There is a transporter here.
Welcome to arena 1.
You enter the transporter and appear at another place.
A white imp and an iron imp come into view.
The white imp shouts!
The white imp gestures at you. The puff of frost hits you!
Found a +1 shortbow of freezing and a +1 scythe of protection.
Found a transporter.
You take 5 damage, and have 10/15 hp.
MASSIVE DAMAGE!!
Unknown command.
Aim: a white imp The flame tongue hits the white imp.
The white imp is burned terribly!
The iron imp shouts!
You now have 10/11 mp.
Aim: a white imp (moderately wounded)
The flame tongue hits the white imp.
The white imp is burned terribly!
You now have 9/11 mp.
Aim: a white imp (severely wounded)
The flame tongue hits the white imp.
The white imp is burned terribly!
You kill the white imp!
Vehumet accepts your kill. The iron imp closely misses you.
You now have 8/11 mp.
You can't see any susceptible monsters within range! (Use Z to cast anyway.) Unknown command.
You can't see any susceptible monsters within range! (Use Z to cast anyway.)
Here: an iron imp The floor.
Unknown command.
You hit the iron imp but do no damage. You block the iron imp's attack.
You hit the iron imp. The iron imp hits you.
You take 1 damage, and have 10/16 hp.
You hit the iron imp but do no damage. The iron imp barely misses you.
You barely miss the iron imp. The iron imp closely misses you.
You hit the iron imp but do no damage. The iron imp closely misses you.
You hit the iron imp but do no damage. You block the iron imp's attack.
You completely miss the iron imp. The iron imp hits you.
* * * LOW HITPOINT WARNING * * *
You take 2 damage, and have 8/16 hp.
You barely miss the iron imp. The iron imp hits you.
* * * LOW HITPOINT WARNING * * *
You take 5 damage, and have 3/16 hp.
MASSIVE DAMAGE!!
The iron imp hits you!
You die...

▓▓▓▓▓▓▓
▓.8©8.▓
▓.....▓
▓.).).▓
▓.@...▓
▓..5..▓
▓..©..▓
▓▓▓▓▓▓▓


You could see an iron imp.

Vanquished Creatures
  A white imp (D)
1 creature vanquished.

Notes
Turn   | Place    | Note
-------+----------+-------------------------------------------
     0 | D        | Found the +6 Majin-Bo {vamp, Archmagi MP+6 Int+6}
     0 | D        | Found the +7 great mace "Firestarter" {inner flame, rF++}
     0 | D        | theanonym the Deep Elf Fire Elementalist began the quest for the Orb.
     0 | D        | Reached XP level 1. HP: 10/10 MP: 6/6
     0 | D        | Found a deep blue altar of Sif Muna.
     0 | D        | Found a sacrificial altar of Ru.
     0 | D        | Found a bloodstained altar of Trog.
     0 | D        | Found a stormy altar of Qazlal.
     0 | D        | Found an iron altar of Okawaru.
     0 | D        | Found a sparkling altar of Nemelex Xobeh.
     0 | D        | Found a blossoming altar of Fedhas.
     2 | D        | Found a transporter.
     2 | D        | Found an ancient bone altar of Kikubaaqudgha.
     2 | D        | Found a viscous altar of Jiyva.
     2 | D        | Found a corrupted altar of Lugonu.
     2 | D        | Found a hazy altar of Hepliaklqana.
     2 | D        | Found a burning altar of Makhleb.
     2 | D        | Found an opulent altar of Gozag.
    38 | D        | Reached skill level 6 in Spellcasting
    38 | D        | Reached skill level 4 in Conjurations
    38 | D        | Reached skill level 5 in Fire Magic
    38 | D        | Reached XP level 2. HP: 15/15 MP: 7/11
    43 | D        | Found the +9 heavy crossbow "Sniper" {velocity, Acc+∞ SInv}
    43 | D        | Found the +10 dark maul {crush}
    43 | D        | Found the +15 Maxwell's patent armour {-Cast -Tele rElec MR+ rCorr}
    43 | D        | Found the +18 shield of the Gong {rElec rN+ MR+ EV-5}
    43 | D        | Found the cursed +14 obsidian axe {chop, +Fly SInv *Curse}
    47 | D        | Found the +6 shillelagh "Devastator" {shatter}
    47 | D        | Found the +8 lance "Wyrmbane" {slay drac, rPois rF+ rC+ AC+3}
    47 | D        | Found the +9 sword of Zonguldrok {reap}
    47 | D        | Found the cursed +13 scythe of Curses {drain, *Curse}
    47 | D        | Found the +0 sword of Power
    47 | D        | Found the -4 mace of Variability {chaos}
    47 | D        | Found the +7 Singing Sword
    47 | D        | Found the +7 longbow "Piercer" {penet, EV-2}
    57 | D        | Became a worshipper of Vehumet
    80 | D        | Entered arena 2.
    80 | D        | Found a transporter.
    93 | D        | Slain by an iron imp

Vault maps used:
D:        sprint_v

Skill      XL: |  1 |
---------------+----+-----
Spellcasting   | 6 |  6.4
Conjurations   | 4 |  4.8
Fire Magic     | 5 |  5.8
Fighting       | |  0.3
Dodging        | |  2.6
Stealth        | |  2.4

Action                   || total
-------------------------++-------
Melee: Staff             ||     8
 Cast: Flame Tongue      ||     3
  Use: Potion            ||     1
Dodge: Dodged            ||     4
Block: Buckler           ||     2

Table legend:
 A = Spawn XP
 B = Non-spawn XP
 C = Spawn XP percentage of total XP
 D = Spawn monster count
 E = Non-spawn monster count
 F = Spawn count percentage of total count
 G = Total turns spent on level
                    A         B        C        D         E        F      G
               +---------+---------+-------+---------+---------+-------+---------
         Total |       0 |      11 |   0.0 |       0 |       1 |   0.0 |    93
               +---------+---------+-------+---------+---------+-------+---------
             D |       0 |      11 |   0.0 |       0 |       1 |   0.0 |    93
               +---------+---------+-------+---------+---------+-------+---------
